 Dungeon Crawl Stone Soup version 0.27.1-2-g3b301248ec (webtiles) character file.

Game seed: 2527708466571924876

21172 mertek the Protected (level 12, -7/80 HPs)
             Began as a Gargoyle Fighter on Oct 4, 2021.
             Was a Priest of the Shining One.
             Mangled by a komodo dragon (shapeshifter) (8 damage)
             ... on level 11 of the Dungeon.
             The game lasted 01:21:30 (11580 turns).

mertek the Protected (Gargoyle Fighter)            Turns: 11580, Time: 01:21:33

Health: -7/80      AC: 31    Str: 25    XL:     12   Next: 87%
Magic:  15/15      EV: 11    Int: 12    God:    the Shining One [***...]
Gold:   701        SH:  0    Dex:  9    Spells: 11/11 levels left

rFire    + . .     SeeInvis .   a - +0 flail
rCold    . . .     Faith    .   c - +0 kite shield
rNeg     + + .     Spirit   .   g - +0 plate armour
rPois    ∞         Reflect  .   h - +0 helmet
rElec    +         Harm     .   j - +1 cloak
rCorr    .         Rampage  .   (no gloves)
Will     .....                  s - +0 pair of boots
Stlth    ..........             l - amulet of regeneration
HPRegen  1.23/turn              z - +4 ring of evasion
MPRegen  0.14/turn              Q - ring "Lyoplet" {rF+ Int+3}

@: confused, mighty, ambrosia-drunk, glowing
A: sickness immunity, AC +8, negative energy resistance 1, electricity
resistance, torment resistance 1, petrification resistance, iridescent scales 1
a: Renounce Religion, Divine Shield


You were on level 11 of the Dungeon.
You worshipped the Shining One.
The Shining One was most pleased with you.
You visited 2 branches of the dungeon, and saw 13 of its levels.
You also visited: Sewer.

You collected 750 gold pieces.
You spent 49 gold pieces at shops.

Inventory:

Hand Weapons
 a - a +0 flail (weapon)
 v - the +3 dagger of Checks and Balances {vorpal, Str+2 Int+4 Dex-4}
   (You found it on level 4 of the Dungeon)

   It inflicts extra damage upon your enemies.
   Str:       It affects your strength (+2).
   Int:       It affects your intelligence (+4).
   Dex:       It affects your dexterity (-4).
 y - the +9 spear "Transmigrator" {holy, rN+}
   (You found it on level 5 of the Dungeon)

   It has been blessed by the Shining One to cause great damage to the undead
   and demons.
   rN:        It protects you from negative energy.
 B - a +1 hand axe of electrocution
Missiles
 N - 2 throwing nets (quivered)
Armour
 c - a +0 kite shield (worn)
 g - a +0 plate armour (worn)
 h - a +0 helmet (worn)
 j - a +1 cloak (worn)
 s - a +0 pair of boots (worn)
Jewellery
 l - an amulet of regeneration (around neck)
 z - a +4 ring of evasion (left hand)
 K - a ring of protection from fire
 P - a ring of willpower
 Q - the ring "Lyoplet" (right hand) {rF+ Int+3}
   (You found it on level 10 of the Dungeon)

   [ring of protection from fire]

   Int:       It affects your intelligence (+3).
   rF:        It protects you from fire.
Wands
 d - a wand of polymorph (7)
 D - a wand of mindburst (13)
 J - a wand of iceblast (9)
 M - a wand of acid (12)
 R - a wand of flame (20)
Scrolls
 b - a scroll of enchant weapon {unknown}
 e - 4 scrolls of teleportation
 k - 3 scrolls of identify
 o - 2 scrolls of fog
 w - 2 scrolls of enchant armour
 x - 3 scrolls of immolation {unknown}
 A - a scroll of acquirement {unknown}
 C - 2 scrolls of noise {unknown}
 E - a scroll of brand weapon {unknown}
 F - a scroll of torment {unknown}
 G - 2 scrolls of fear {unknown}
 H - 6 scrolls of magic mapping
 L - a scroll of vulnerability {unknown}
Potions
 n - 2 potions of brilliance
 q - 2 potions of cancellation
 r - 4 potions of resistance
 t - 2 potions of flight
 I - 2 potions of ambrosia


   Skills:
 + Level 11.4 Fighting
 + Level 10.3 Maces & Flails
 + Level 11.4 Armour
 + Level 11.3 Shields
 + Level 5.1 Invocations
 - Level 4.0 Evocations


You had 11 spell levels left.
You didn't know any spells.
Your spell library contained the following spells:

 Spells                   Type           Power      Damage    Failure   Level
 Corona                   Hex            0%         N/A       99%         1
 Freeze                   Ice            0%         1d3       99%         1
 Sting                    Tmut/Pois      0%         1d3       99%         1
 Poisonous Vapours        Pois/Air       0%         N/A       100%        2
 Slow                     Hex            0%         N/A       100%        2
 Confusing Touch          Hex            0%         N/A       100%        3
 Frozen Ramparts          Ice            0%         1d2       100%        3
 Gell's Gravitas          Tloc           0%         N/A       100%        3
 Ignite Poison            Fire/Tmut/Pois 0%         N/A       100%        3
 Inner Flame              Hex/Fire       0%         N/A       100%        3
 Lesser Beckoning         Tloc           0%         N/A       100%        3
 Mephitic Cloud           Conj/Pois/Air  0%         N/A       100%        3
 Portal Projectile        Hex/Tloc       0%         N/A       100%        3
 Teleport Other           Tloc           0%         N/A       100%        3
 Vampiric Draining        Necr           0%         2d6       100%        3
 Hailstorm                Conj/Ice       0%         3d3       100%        4
 Olgreb's Toxic Radiance  Pois           0%         N/A       100%        4
 Petrify                  Tmut/Erth      0%         N/A       100%        4
 Blade Hands              Tmut           0%         N/A       100%        5
 Bolt of Magma            Conj/Fire/Erth 0%         4d4       100%        5
 Excruciating Wounds      Necr           0%         N/A       100%        5
 Irradiate                Conj/Tmut      0%         3d13      100%        5
 Metabolic Englaciation   Hex/Ice        0%         N/A       100%        5
 Sublimation of Blood     Necr           Unusable   N/A       N/A         2
 Statue Form              Tmut/Erth      Unusable   N/A       N/A         6

Dungeon Overview and Level Annotations

Branches:
Dungeon (12/15)            Temple (1/1) D:7            Lair (0/6) D:11
  Sewer (visited)
    Orc: D:9-12

Altars:
Ashenzari
Cheibriados
Dithmenos
Elyvilon
Fedhas
Gozag
Hepliaklqana
Kikubaaqudgha
Makhleb
Nemelex Xobeh
Okawaru
Qazlal
Ru
Sif Muna
Trog
Uskayaw
Vehumet
Wu Jian
Xom
Yredelemnul
Zin
The Shining One

Shops:
D:7 ?

Annotations:
D:11 3 runed translucent doors, Skiberibeda's ghost, journeyman GrFi


Innate Abilities, Weirdness & Mutations

You are immune to sickness and miasma.
Your stone body is resilient. (AC +8)
You are immune to poison.
You resist negative energy. (rN+)
You are resistant to electric shocks. (rElec)
You are resistant to unholy torment.
You are immune to petrification.
You are partially covered in iridescent scales. (AC +2)


Message History

You sock the deep elf pyromancer!
The deep elf pyromancer is severely wounded.
The deep elf pyromancer closely misses you.
The troll closely misses you. You block the troll's attack.
The troll claws you but does no damage.
The komodo dragon bites you but does no damage.
The deep elf pyromancer hits you but does no damage.
You block the komodo dragon's attack. The troll barely misses you.
You block the troll's attack. The troll claws you but does no damage.
You closely miss the deep elf pyromancer.
The deep elf pyromancer is severely wounded.
You feel yourself speed up.
The deep elf pyromancer hits you with a +0 long sword.
The troll closely misses you. You block the troll's attack. x2
You block the komodo dragon's attack.
You bludgeon the deep elf pyromancer!!
You kill the deep elf pyromancer!
You block the troll's attack. x3; The komodo dragon bites you!!
* * * LOW HITPOINT WARNING * * *
Your Invocations skill increases to level 5!
You bludgeon the troll!!
The troll is heavily wounded.
You block the troll's attack. The troll closely misses you.
The troll claws you.
* * * LOW HITPOINT WARNING * * *
You block the komodo dragon's attack.
You hit the troll.
The troll is heavily wounded.
The troll bites you!
* * * LOW HITPOINT WARNING * * *
The troll barely misses you. You block the troll's attack.
The komodo dragon bites you.
* * * LOW HITPOINT WARNING * * *
You are confused.
You feel invigorated. The troll barely misses you. The troll claws you.
* * * LOW HITPOINT WARNING * * *
The troll claws you!
* * * LOW HITPOINT WARNING * * *
The komodo dragon bites you!
You die...

.#...# ##'#####
########## ######
#.# #.# #.## #..#
######.## #.......#
#....)T.#
###########.....@.#
......>........<)l#
###########.......#
# #########


You could see a komodo dragon shaped shifter and a troll.

Vanquished Creatures
  Harold (D:8)
  A hydra (D:7)
  7 two-headed ogres
  Erica (D:8)
  A wizard (D:11)
  A deep elf pyromancer (D:11)
  3 ugly things
  A cyclops (D:11)
  Joseph (D:8)
  Psyche (D:10)
  3 trolls
  A slime creature (D:11)
  Prince Ribbit (D:8)
  2 meliai zombies
  A centaur simulacrum (D:12)
  A shadow (D:11)
  Sigmund (D:2)
  4 wraiths
  A ynoxinul (D:10)
  17 yaks
  2 basilisks
  10 vampire mosquitoes
  A steam dragon (D:7)
  A water moccasin (D:7)
  Duvessa (D:7)
  2 black bears
  4 sky beasts
  5 orc warriors
  3 ogres
  A centaur (D:11)
  7 kobold brigands
  3 bullfrogs (D:7)
  Dowan (D:7)
  A wyvern zombie (D:8)
  3 scorpions
  A wyvern skeleton (D:7)
  16 killer bees (D:10)
  12 wights
  6 howler monkeys
  2 centaur zombies (D:9)
  3 hounds
  2 jellies (D:6)
  5 orc priests
  A bullfrog skeleton (D:6)
  A centaur skeleton (D:5)
  5 iguanas
  6 orc wizards
  Natasha (thrice) (D:4)
  A hound zombie (D:5)
  A hound skeleton (D:4)
  A mummy (D:10)
  A howler monkey zombie (D:6)
  12 adders
  6 gnolls
  A shadow imp (D:6)
  3 white imps
  2 ufetubi
  A worm (D:2)
  2 dart slugs
  23 orcs
  12 ball pythons
  2 bats
  6 endoplasms
  7 giant cockroaches
  5 goblins
  7 hobgoblins
  12 jackals
  7 quokkas
  7 frilled lizards
  34 kobolds
  7 rats
318 creatures vanquished.

Vanquished Creatures (others)
  5 plants (Sewer)
  3 withered plants (D:10)
8 creatures vanquished.

Grand Total: 326 creatures vanquished

Notes
Turn   | Place    | Note
-------+----------+-------------------------------------------
     0 | D:1      | mertek the Gargoyle Fighter began the quest for the Orb.
     0 | D:1      | Reached XP level 1. HP: 14/14 MP: 1/1
   169 | D:1      | Reached XP level 2. HP: 7/19 MP: 2/2
   902 | D:1      | Found a faded altar of an unknown god.
   909 | D:1      | Reached XP level 3. HP: 24/24 MP: 3/3
  1468 | D:2      | Noticed Sigmund
  1494 | D:2      | Killed Sigmund
  1495 | D:2      | Reached XP level 4. HP: 7/30 MP: 4/4
  1495 | D:2      | Reached XP level 5. HP: 8/34 MP: 5/5
  1973 | D:2      | Reached XP level 6. HP: 35/39 MP: 6/6
  2574 | D:3      | Found a glowing drain.
  2602 | Sewer    | Entered a sewer
  3407 | D:3      | Gained mutation: You are partially covered in iridescent
                  | scales. (AC +2) [potion of mutation]
  3905 | D:4      | Identified the +3 dagger of Checks and Balances {vorpal,
                  | Str+2 Int+4 Dex-4}
  4219 | D:4      | Noticed Natasha
  4228 | D:4      | Killed Natasha
  4232 | D:4      | Reached skill level 5 in Fighting
  4279 | D:4      | Noticed Natasha
  4292 | D:4      | Killed Natasha
  4293 | D:4      | Reached skill level 5 in Armour
  4355 | D:4      | Reached skill level 5 in Shields
  4355 | D:4      | Reached XP level 7. HP: 31/44 MP: 7/7
  4632 | D:4      | Noticed Natasha
  4643 | D:4      | Killed Natasha
  4768 | D:5      | Entered Level 5 of the Dungeon
  5041 | D:5      | Reached XP level 8. HP: 51/51 MP: 8/8
  5050 | D:5      | Identified the +9 spear "Transmigrator" {holy, rN+}
  5301 | D:5      | Reached skill level 5 in Maces & Flails
  6084 | D:7      | Found a staircase to the Ecumenical Temple.
  6102 | Temple   | Entered the Ecumenical Temple
  6349 | Temple   | Became a worshipper of the Shining One
  6472 | D:7      | Reached XP level 9. HP: 56/57 MP: 9/9
  6542 | D:7      | Noticed a two-headed ogre
  6551 | D:7      | Killed a two-headed ogre
  6575 | D:7      | Noticed a two-headed ogre
  6576 | D:7      | Noticed a six-headed hydra
  6581 | D:7      | Noticed a purple ugly thing
  6591 | D:7      | Killed a two-headed ogre
  6592 | D:7      | Reached XP level 10. HP: 42/64 MP: 10/10
  6602 | D:7      | HP: 3/64 [six-headed hydra (5)]
  6783 | D:7      | Reached skill level 1 in Invocations
  6891 | D:7      | Noticed Duvessa
  6915 | D:7      | Noticed Dowan
  6923 | D:7      | Killed Duvessa
  6946 | D:7      | Killed Dowan
  6996 | D:7      | Found a hide-covered altar of Uskayaw.
  7012 | D:7      | Found Guquof's Magic Scroll Shoppe.
  7032 | D:7      | Bought a scroll of magic mapping for 49 gold pieces
  7034 | D:7      | Reached * piety under the Shining One
  7252 | D:7      | Killed a six-headed hydra
  7298 | D:7      | Killed a purple ugly thing
  7611 | D:8      | Noticed Erica
  7629 | D:8      | Killed Erica
  7630 | D:8      | Reached XP level 11. HP: 46/71 MP: 12/14
  7681 | D:8      | Noticed Joseph
  7726 | D:8      | Killed Joseph
  7908 | D:8      | Noticed Harold
  7931 | D:8      | Killed Harold
  7995 | D:8      | Noticed Prince Ribbit
  8003 | D:8      | Killed Prince Ribbit
  8075 | D:8      | Found a basalt altar of Yredelemnul.
  8731 | D:9      | Reached skill level 10 in Armour
  8736 | D:9      | Reached skill level 10 in Fighting
  8761 | D:9      | Reached skill level 10 in Shields
  8940 | D:10     | Entered Level 10 of the Dungeon
  8992 | D:10     | Identified the ring "Lyoplet" {rF+ Int+3}
  9026 | D:10     | Reached ** piety under the Shining One
  9026 | D:10     | Noticed a two-headed ogre
  9058 | D:10     | Killed a two-headed ogre
  9059 | D:10     | Reached skill level 1 in Evocations
  9203 | D:10     | Noticed Psyche
  9233 | D:10     | Killed Psyche
  9612 | D:10     | Found a bloodstained altar of Trog.
  9650 | D:10     | Found a shimmering blue altar of Sif Muna.
  9654 | D:10     | Got Sif Muna's Reference Book on Bewitchment
  9667 | D:10     | Noticed a two-headed ogre
  9686 | D:10     | Reached XP level 12. HP: 70/78 MP: 15/15
  9716 | D:10     | Killed a two-headed ogre
 10009 | D:11     | Found a runed translucent gate.
 10010 | D:11     | Found a runed translucent gate.
 10011 | D:11     | Found a runed translucent gate.
 10013 | D:11     | Noticed Skiberibeda's ghost (journeyman GrFi)
 10020 | D:11     | Noticed a two-headed ogre
 10032 | D:11     | Killed a two-headed ogre
 10138 | D:11     | Reached *** piety under the Shining One
 10187 | D:11     | Found a staircase to the Lair.
 10204 | D:11     | Noticed a two-headed ogre
 10215 | D:11     | Killed a two-headed ogre
 10753 | D:12     | Noticed a two-headed ogre
 10765 | D:11     | Reached skill level 10 in Maces & Flails
 10777 | D:11     | Killed a two-headed ogre
 10920 | D:12     | Noticed a centaur warrior
 10921 | D:12     | Noticed a centaur warrior
 10924 | D:12     | Noticed a two-headed ogre
 10939 | D:12     | Noticed a two-headed ogre
 11578 | D:11     | Reached skill level 5 in Invocations
 11580 | D:11     | HP: 1/80 [troll (10)]
 11580 | D:11     | Mangled by a komodo dragon (shapeshifter)

Illustrated notes

Levels and vault maps discovered:
D:1:      lemuel_arrival_funnel, layout_basic, dreamdust_ecumenical_altar_grove,
          minmay_misc_feat_room, minmay_misc_feat_five
D:2:      layout_loops_ring, minmay_misc_feat_enclosed, uniq_sigmund
D:3:      layout_basic, serial_aquarium, aquarium_bridge_square
          [aquarium_subvault_bridge, aquarium_subvault_wall,
          aquarium_subvault_wall, aquarium_subvault_wall],
          aquarium_bridge_long_joined [aquarium_subvault_window,
          aquarium_subvault_wall, aquarium_subvault_wall,
          aquarium_subvault_bridge, aquarium_subvault_wall,
          aquarium_subvault_balcony], aquarium_window_corner,
          aquarium_window_fake, aquarium_window_2, aquarium_view_2b,
          aquarium_pool_2, portal_sewer_entry_d
D:4:      kennysheep_big_flooded_room, layout_loops_ring,
          kennysheep_nondescript, uniq_natasha
D:5:      layout_gridville, minmay_between
D:6:      layout_basic
D:7:      minmay_chambers_of_sevens, layout_rooms, nicolae_uskayaw_suspiria,
          minmay_temple_entry_antechambers, nrook_mini_vaults,
          minmay_shop_grid_forest, mrwooster_statue_mirror, uniq_duvessa
D:8:      layout_rooms, mainiacjoe_overflow_alcove_4, uniq_prince_ribbit1,
          uniq_harold, uniq_joseph, uniq_erica
D:9:      layout_roguey
D:10:     layout_cave_pools, nzn_overflow_gifts_of_might_and_magic,
          serial_undead, serial_undead_e, serial_undead_b, serial_undead_d,
          serial_undead_e, serial_undead_e, serial_undead_b, minivault_19,
          minmay_diced_spiral, uniq_psyche
D:11:     layout_roguey, ebering_ghost_rock_garden
D:12:     minmay_the_grid_octo_tiled_octocenter_mashed
          [minmay_the_grid_octo_empty, minmay_the_grid_octo_pinwheel,
          minmay_the_grid_octo_concentric, minmay_the_grid_octo_teeth,
          minmay_the_grid_octo_prize_star,
          minmay_the_grid_square_5x5_two_walls_b,
          minmay_the_grid_square_5x5_shuriken, minmay_the_grid_square_5x5_v,
          minmay_the_grid_square_5x5_inverted_slash], layout_cross, david_orc_3
Temple:   dpeg_five_rooms_temple

Skill      XL: |  1  2  3  4  5  6  7  8  9 10 11 12 |
---------------+-------------------------------------+-----
Fighting       | 4 5 7 8 9 10 11 | 11.4
Maces & Flails | 3 4 5 7 8 9 10 | 10.3
Armour         | 4 5 6 8 9 10 11 | 11.4
Shields        | 4 5 6 8 9 10 11 | 11.3
Invocations    | 4 5 |  5.1
Evocations     | 2 4 |  4.0

Action                   |  1- 3 |  4- 6 |  7- 9 | 10-12 || total
-------------------------+-------+-------+-------+-------++-------
Melee: Flail             |   145 |   287 |   404 |  1025 ||  1861
Throw: Throwing net      |       |     2 |     1 |     1 ||     4
Invok: Divine Shield     |       |       |       |     1 ||     1
  Use: Potion            |       |     1 |     2 |     9 ||    12
       Scroll            |       |       |     3 |     8 ||    11
 Stab: Held in net/web   |       |     1 |       |       ||     1
Armor: Scale mail        |    30 |       |       |       ||    30
       Chain mail        |    52 |   211 |   264 |   520 ||  1047
       Skin              |       |       |       |    64 ||    64
       Plate armour      |       |       |       |    62 ||    62
Dodge: Dodged            |    41 |    68 |   141 |   496 ||   746
Block: Kite shield       |    76 |   187 |   218 |   820 ||  1301
